 Dungeon Sprint DCSS version 0.30.1-11-g7821555f0a (webtiles) character file.

Game seed: 14068012615375366009

57780 jagang the Barachian Blade (level 14, -2/148 HPs)
             Began as a Barachi Monk on Nov 28, 2023.
             Was the Champion of the Shining One.
             Killed from afar by a titan (10 damage)
             ... with a bolt of lightning
             ... in the Dungeon (Sprint V: "Ziggurat Sprint").
             The game lasted 00:51:15 (1286 turns).

jagang the Barachian Blade (Barachi Monk)           Turns: 1286, Time: 00:51:19

Health: -2/148     AC: 37    Str: 16    XL:     14   Next: 87%
Magic:  6/21       EV:  5    Int: 10    God:    the Shining One [******]
Gold:   0          SH: 33    Dex: 21    Spells: 13/13 levels left

rFire   + + .        s - +11 Screaming Sword {sonic wave}
rCold   + + .        r - +18 shield of the Gong {Loud rN+ Will+ rCorr EV-5}
rNeg    + + +        q - +15 Maxwell's patent armour {-Cast -Tele rElec Will+ rCorr}
rPois   .            P - -1 helmet of Free Will {rF++ rC+}
rElec   +            V - scarf {repulsion}
rCorr   +            n - +1 pair of gloves of Meager Surprise {+Blink Str+3}
SInv    .            (no boots)
Will    ++++.        L - amulet of Eternity {Regen+ Int+4} Stlth
                     X - ring "Buheod" {+Blink rC+ Dex+2}
HPRegen 1.24/turn    T - ring "Nekk" {rElec Will+ rCorr Int-5 Slay+3}
MPRegen 0.17/turn

%: no teleportation, no spellcasting, repel missiles
@: hasted, glowing, studying Polearms, quick
A: amphibious, slowness 1, strong legs 2, +LOS
a: Hop, Renounce Religion, Evoke Blink, Divine Shield, Cleansing Flame, Summon
Divine Warrior


You were in the Dungeon.
You worshipped the Shining One.
The Shining One was exalted by your worship.
You visited 1 branch

Inventory:

Hand Weapons
 a - a +7 eudemon blade of holy wrath
 s - the +11 Screaming Sword (weapon) {sonic wave}
   (You found it in the Dungeon)
 K - the +9 falchion of Qumeipto {flame, rElec Str-2 Int+5 SInv}
   (You found it in the Dungeon)

   Str:       It affects your strength (-2).
   Int:       It affects your intelligence (+5).
   rElec:     It insulates you from electricity.
   SInv:      It lets you see invisible.
Missiles
 z - 2 javelins
Armour
 n - the +1 pair of gloves of Meager Surprise (worn) {+Blink Str+3}
   (You found it in the Dungeon)

   Str:       It affects your strength (+3).
   +Blink:    It lets you blink.
 q - the +15 Maxwell's patent armour (worn) {-Cast -Tele rElec Will+ rCorr}
   (You found it in the Dungeon)

   rElec:     It insulates you from electricity.
   -Cast:     It prevents spellcasting.
   -Tele:     It prevents most forms of teleportation.
   rCorr:     It protects you from acid and corrosion.
   Will:      It increases your willpower.
 r - the +18 shield of the Gong (worn) {Loud rN+ Will+ rCorr EV-5}
   (You found it in the Dungeon)

   Loud:      It is deafeningly noisy when blocking attacks.
   EV:        It affects your evasion (-5).
   rN:        It protects you from negative energy.
   rCorr:     It protects you from acid and corrosion.
   Will:      It increases your willpower.
 P - the -1 helmet of Free Will (worn) {rF++ rC+}
   (You found it in the Dungeon)

   rF:        It greatly protects you from fire.
   rC:        It protects you from cold.
 V - a scarf of repulsion (worn)
Jewellery
 b - the ring of Issy {Fly Dex+4}
   (You found it in the Dungeon)

   [ring of flight]

   Dex:       It affects your dexterity (+4).
   Fly:       It grants you flight.
 l - the ring of the Crushed Allies {rElec Will+ rCorr Str-4 Dex+4}
   (You found it in the Dungeon)

   [ring of willpower]

   Str:       It affects your strength (-4).
   Dex:       It affects your dexterity (+4).
   rElec:     It insulates you from electricity.
   rCorr:     It protects you from acid and corrosion.
   Will:      It increases your willpower.
 x - a +6 ring of dexterity
 y - a +6 ring of dexterity
 A - a +6 ring of intelligence
 B - the ring "Naqoloc" {Fire rPois Int+2 Dex+2 SInv}
   (You found it in the Dungeon)

   [ring of fire]

   It enhances your fire magic.
   Int:       It affects your intelligence (+2).
   Dex:       It affects your dexterity (+2).
   rF:        It protects you from fire.
   rC:        It makes you vulnerable to cold.
   rPois:     It protects you from poison.
   SInv:      It lets you see invisible.
 I - the ring of Mierupn {rF+ rN+}
   (You found it in the Dungeon)

   [ring of positive energy]

   rF:        It protects you from fire.
   rN:        It protects you from negative energy.
 L - the amulet of Eternity (around neck) {Regen+ Int+4}
   (You found it in the Dungeon)

   [amulet of regeneration]

   Int:       It affects your intelligence (+4).
   Regen:     It increases your rate of health regeneration.
 O - the ring "Qamokhlo" {MP+9 EV+5 Str+6 Int+2 Stlth-}
   (You found it in the Dungeon)

   [ring of evasion]

   EV:        It affects your evasion (+5).
   Str:       It affects your strength (+6).
   Int:       It affects your intelligence (+2).
   MP:        It affects your magic capacity (+9).
   Stlth:     It makes you less stealthy.
 R - the ring "Yjal" {rElec MP+9 Dex+2 SInv}
   (You found it in the Dungeon)

   [ring of magical power]

   Dex:       It affects your dexterity (+2).
   rElec:     It insulates you from electricity.
   MP:        It affects your magic capacity (+9).
   SInv:      It lets you see invisible.
 T - the ring "Nekk" (right hand) {rElec Will+ rCorr Int-5 Slay+3}
   (You found it in the Dungeon)

   [ring of resist corrosion]

   Int:       It affects your intelligence (-5).
   Slay:      It affects your accuracy & damage with ranged weapons and melee
   (+3).
   rElec:     It insulates you from electricity.
   rCorr:     It protects you from acid and corrosion.
   Will:      It increases your willpower.
 X - the ring "Buheod" (left hand) {+Blink rC+ Dex+2}
   (You found it in the Dungeon)

   [ring of protection from cold]

   Dex:       It affects your dexterity (+2).
   rC:        It protects you from cold.
   +Blink:    It lets you blink.
Wands
 p - a wand of paralysis (22)
 E - a wand of iceblast (16)
 F - a wand of acid (14) (quivered)
 J - a wand of polymorph (15)
 Y - a wand of flame (23)
Scrolls
 d - 7 scrolls of fog
 j - 4 scrolls of blinking
 u - 2 scrolls of fear
 N - 8 scrolls of enchant armour
Potions
 c - a potion of ambrosia
 e - 10 potions of curing
 f - 13 potions of heal wounds
 g - 10 potions of haste
 h - 7 potions of magic
 i - 3 potions of berserk rage
 k - 2 potions of brilliance
 m - 3 potions of resistance
 o - 5 potions of might
Miscellaneous
 t - a condenser vane
 H - a phantom mirror
 W - a box of beasts


   Skills:
 * Level 25.0 Fighting
 * Level 26.2 Long Blades
 - Level 6.9 Throwing
 + Level 19.3 Armour
 + Level 8.6 Dodging
 + Level 15.8 Shields
 + Level 10.4 Invocations
 + Level 10.0 Evocations


You had 13 spell levels left.
You didn't know any spells.
Your spell library contained the following spells:

 Spells                   Type           Power      Damage    Failure   Level
 Kiss of Death            Conj/Necr      0%         2d5       100%        1
 Magic Dart               Conj           0%         1d3       100%        1
 Ensorcelled Hibernation  Hex/Ice        0%         N/A       100%        2
 Passwall                 Tmut/Erth      0%         N/A       100%        2
 Scorch                   Fire           0%         2d5       100%        2
 Sublimation of Blood     Necr           0%         N/A       100%        2
 Wereblood                Tmut           0%         N/A       100%        2
 Confusing Touch          Hex            0%         N/A       100%        3
 Gell's Gravitas          Tloc           0%         N/A       100%        3
 Hailstorm                Conj/Ice       0%         3d3       100%        3
 Inner Flame              Hex/Fire       0%         N/A       100%        3
 Spider Form              Tmut/Pois      0%         N/A       100%        3
 Swiftness                Air            0%         N/A       100%        3
 Teleport Other           Tloc           0%         N/A       100%        3
 Anguish                  Hex/Necr       0%         N/A       100%        4
 Animate Armour           Summ/Erth      0%         N/A       100%        4
 Dispel Undead            Necr           0%         3d6       100%        4
 Flame Wave               Conj/Fire      0%         2d4       100%        4
 Ice Form                 Ice/Tmut       0%         N/A       100%        4
 Manifold Assault         Tloc           0%         N/A       100%        4
 Summon Ice Beast         Ice/Summ       0%         N/A       100%        4
 Summon Lightning Spire   Summ/Air       0%         N/A       100%        4
 Alistair's Intoxication  Tmut/Pois      0%         N/A       100%        5
 Arcjolt                  Conj/Air       0%         1d10      100%        5
 Blade Hands              Tmut           0%         N/A       100%        5
 Borgnjor's Vile Clutch   Necr/Erth      0%         N/A       100%        5
 Fireball                 Conj/Fire      0%         3d3       100%        5
 Irradiate                Conj/Tmut      0%         3d11      100%        5
 Iskenderun's Battlesphe  Conj           0%         2d6       100%        5
 Summon Mana Viper        Hex/Summ       0%         N/A       100%        5
 Yara's Violent Unravell  Hex/Tmut       0%         3d3       100%        5
 Conjure Ball Lightning   Conj/Air       0%         3x3d6     100%        6
 Dispersal                Tloc           0%         N/A       100%        6
 Eringya's Noxious Bog    Tmut/Pois      0%         N/A       100%        6
 Iron Shot                Conj/Erth      0%         9d1       100%        6
 Plasma Beam              Fire/Air       0%         2x1d11    100%        6
 Simulacrum               Ice/Necr       0%         N/A       100%        6
 Summon Cactus Giant      Summ           0%         N/A       100%        6
 Dragon Form              Tmut           0%         N/A       100%        7
 Enfeeble                 Hex            0%         N/A       100%        7
 Monstrous Menagerie      Summ           0%         N/A       100%        7
 Orb of Destruction       Conj           0%         9d5       100%        7
 Ozocubu's Refrigeration  Ice            0%         4d7       100%        7
 Storm Form               Tmut/Air       0%         N/A       100%        7
 Summon Hydra             Summ           0%         N/A       100%        7
 Discord                  Hex            0%         N/A       100%        8
 Disjunction              Tloc           0%         N/A       100%        8
 Maxwell's Capacitive Co  Air            0%         ∞         100%        8
 Polar Vortex             Ice            0%         N/A       100%        9


Dungeon Overview and Level Annotations

Branches:
Dungeon (1/1)

Altars:
Ashenzari
Cheibriados
Dithmenos
Elyvilon
Fedhas
Gozag
Hepliaklqana
Kikubaaqudgha
Makhleb
Nemelex Xobeh
Okawaru
Qazlal
Ru
Sif Muna
Trog
Uskayaw
Vehumet
Wu Jian
Xom
Yredelemnul
Zin
The Shining One
Jiyva
Lugonu


Innate Abilities, Weirdness & Mutations

You are amphibious.
You cover ground slowly.
You can hop long distances.
You have an extended range of vision and can be seen from far away.


Message History

You send a blast of sound all around you.
The ettin is moderately wounded.
The titan is moderately wounded.
The fire giant is moderately wounded.
You kill the stone giant!
The titan is heavily wounded.
The titan hits you but does no damage. You block the fire giant's attack.
BONNNG!
The titan hits you but does no damage.
You hear two shouts!
Your box of beasts has recharged.
Your phantom mirror has recharged.
Your Fighting skill increases to level 25!
You slice the titan!!
The Screaming Sword shouts, "KNEE-DEEP IN BLOOD AND GOING STRONG!"
You send a blast of sound all around you.
The titan is heavily wounded.
The fire giant is moderately wounded.
The frost giant is heavily wounded.
The titan is heavily wounded.
The fire giant is heavily wounded.
The titan is almost dead. x2
The titan waves its arms in wide circles.
The air twists around and strikes you. You block the titan's attack.
BOUMMMMG!
The fire giant hits you but does no damage.
The titan hits you!!
* * * LOW HITPOINT WARNING * * *
You feel much better. You block the titan's attack.
GONNNNG!
You block the titan's attack.
GONNNNG!
The titan waves its arms in wide circles.
The air twists around and strikes you!!
* * * LOW HITPOINT WARNING * * *
The fire giant hits you but does no damage.
You feel yourself speed up.
The titan waves its arms in wide circles.
The air twists around and strikes you. You block the fire giant's attack.
SHROANNG!
The titan points at you and mumbles some strange words.
The bolt of lightning hits you! You resist.
You die...

▓......C....... ▓...
▓...C...........▓...
▓...............▓...
▓..CC.CC........▓..▓
▓.......CC......▓...
▓.C.C..CCC..... ▓...
▓.C ▓.C.A...▓ ▓...
▓.C▓▓▓CC...▓▓ .▓▓▓▓
▓CC@▓.......▓...▓...
▓.CCCCC.........▓.)[
▓...CC..©.......▓..)
▓▓▓▓▓▓▓▓▓▓▓▓▓▓▓▓▓...
▓... ▓... ▓... ▓...
▓...


You could see 3 titans, 3 frost giants, 4 fire giants, an ettin and a cyclops.

Vanquished Creatures
  A Brimstone Fiend (D)
  An Ice Fiend (D)
  A shadow dragon (D)
  3 rockslimes (D)
  2 azure jellies (D)
  2 frost giants (D)
  5 fire giants (D)
  7 narguns (D)
  A balrug (D)
  2 stone giants (D)
  4 wendigos (D)
  A vampire knight (D)
  A merfolk impaler (D)
  6 fire dragons (D)
  4 two-headed ogres (D)
  3 hell hogs (D)
  A vampire mage (D)
  A soul eater (D)
  A skeletal warrior (D)
  2 cyclopes (D)
  2 manticores (D)
  2 wolf spiders (D)
  A shining eye (D)
  A merfolk siren (D)
  An orange demon (D)
  An eye of devastation (D)
  3 freezing wraiths (D)
  6 efreet (D)
  A tormentor (D)
  6 trolls (D)
  A red devil (D)
  2 merfolk (D)
  A tarantella (D)
  2 hornets (D)
  2 slime creatures (D)
  4 shadows (D)
  4 spriggans (D)
  3 fire elementals (D)
  2 vampires (D)
  A water elemental (D)
  2 yaks (D)
  A redback (D)
  A basilisk (D)
  A chaos spawn (D)
  3 nagas (D)
  A water moccasin (D)
  2 hell hounds (D)
  A black bear (D)
  An ogre (D)
  6 wolves (D)
  2 phantoms (D)
  3 bullfrogs (D)
  2 necrophages (D)
  7 scorpions (D)
  3 wights (D)
  A crimson imp (D)
  A jelly (D)
  An iron imp (D)
  An iguana (D)
  A river rat (D)
  3 adders (D)
  2 shadow imps (D)
  3 ufetubi (D)
  An adder zombie (D)
  An adder skeleton (D)
  2 adder simulacra (D)
  A bat skeleton (D)
  A bat zombie (D)
  4 endoplasms (D)
  2 jackals (D)
  A ball python (D)
  A ball python simulacrum (D)
  A ball python skeleton (D)
  3 bat simulacra (D)
  3 giant cockroach zombies (D)
  A jackal simulacrum (D)
  A spectral ball python (D)
  A spectral giant cockroach (D)
  A creeping inferno (D)
  3 fire vortices (D)
172 creatures vanquished.

Vanquished Creatures (collateral kills)
  2 shadow dragons (D)
  A ghoul (D)
  A merfolk javelineer (D)
  3 merfolk aquamancers (D)
  A satyr (D)
  A soul eater (D)
  2 manticores (D)
  A snapping turtle (D)
  A spectral bat (D)
  A quokka zombie (D)
14 creatures vanquished.

Vanquished Creatures (others)
  A fire giant (D)
  2 salamander tyrants (D)
  A tormentor (D)
  2 ball python simulacra (D)
  2 bat simulacra (D)
  A quokka simulacrum (D)
9 creatures vanquished.

Grand Total: 195 creatures vanquished

Notes
Turn   | Place    | Note
-------+----------+-------------------------------------------
     0 | D        | Found the +6 Majin-Bo {spellvamp, MP+6 Int+6}
     0 | D        | Found the +27 heavy crossbow "Sniper" {heavy, Acc+∞ SInv}
     0 | D        | Found the +10 dark maul {heavy}
     0 | D        | Found the +15 Maxwell's patent armour {-Cast -Tele rElec
                  | Will+ rCorr}
     0 | D        | Found the +18 shield of the Gong {Loud rN+ Will+ rCorr
                  | EV-5}
     0 | D        | Found the +16 obsidian axe {drain, demonic, Mesm Drain Fly
                  | SInv}
     0 | D        | Found the +7 great mace "Firestarter" {flame, immolate,
                  | rFlCloud rF++}
     0 | D        | Found the +6 shillelagh "Devastator" {shatter}
     0 | D        | Found the +11 plutonium sword {Contam Stlth-}
     0 | D        | Found the +8 lance "Wyrmbane" {slay drac, rPois rF+ rC+
                  | AC+3}
     0 | D        | Found the +9 sword of Zonguldrok {reap}
     0 | D        | Found the +13 scythe of Curses {drain, curses, Drain}
     0 | D        | Found the +9 sword of Power {lifebolt}
     0 | D        | Found the +7 mace of Variability {chaos, chaos arc}
     0 | D        | Found the +11 Singing Sword {sonic wave}
     0 | D        | Found the +8 storm bow {elec, penet}
     0 | D        | jagang the Barachi Monk began the quest for the Orb.
     0 | D        | Reached XP level 1. HP: 18/18 MP: 1/1
     0 | D        | Found a transporter.
     0 | D        | Found an ancient bone altar of Kikubaaqudgha.
     0 | D        | Found a viscous altar of Jiyva.
     0 | D        | Found a corrupted altar of Lugonu.
     0 | D        | Found a hazy altar of Hepliaklqana.
     0 | D        | Found a burning altar of Makhleb.
     0 | D        | Found an opulent altar of Gozag.
    79 | D        | Became a worshipper of the Shining One
    79 | D        | Reached * piety under the Shining One
    79 | D        | Reached ** piety under the Shining One
   148 | D        | Entered arena 2.
   148 | D        | Noticed a water moccasin
   148 | D        | Found a transporter.
   150 | D        | Killed a water moccasin
   151 | D        | Reached skill level 8 in Long Blades
   151 | D        | Reached skill level 5 in Armour
   151 | D        | Reached XP level 2. HP: 23/29 MP: 2/2
   151 | D        | Reached XP level 3. HP: 28/35 MP: 3/3
   151 | D        | Reached XP level 4. HP: 33/41 MP: 4/4
   151 | D        | Reached XP level 5. HP: 38/47 MP: 5/5
   184 | D        | Entered arena 3.
   184 | D        | Noticed a red devil
   184 | D        | Reached *** piety under the Shining One
   184 | D        | Noticed a chaos spawn
   184 | D        | Found a transporter.
   187 | D        | Killed a chaos spawn
   187 | D        | Reached **** piety under the Shining One
   188 | D        | Reached skill level 10 in Long Blades
   188 | D        | Reached XP level 6. HP: 56/56 MP: 6/6
   191 | D        | Killed a red devil
   192 | D        | Reached skill level 12 in Long Blades
   192 | D        | Reached XP level 7. HP: 64/64 MP: 7/7
   200 | D        | Entered arena 4.
   200 | D        | Reached ***** piety under the Shining One
   200 | D        | Found a transporter.
   203 | D        | Reached skill level 13 in Long Blades
   208 | D        | Reached skill level 10 in Fighting
   210 | D        | Reached skill level 14 in Long Blades
   220 | D        | Entered arena 5.
   220 | D        | Noticed a yak
   220 | D        | Found a transporter.
   224 | D        | Killed a yak
   225 | D        | Reached skill level 10 in Armour
   225 | D        | Reached skill level 1 in Shields
   225 | D        | Reached skill level 1 in Invocations
   225 | D        | Reached XP level 8. HP: 73/74 MP: 8/8
   233 | D        | Got Hupsuing's Anthology of Concussion
   243 | D        | Entered arena 6.
   243 | D        | Noticed a tarantella
   243 | D        | Reached ****** piety under the Shining One
   243 | D        | Found a transporter.
   247 | D        | Killed a tarantella
   249 | D        | Reached skill level 15 in Long Blades
   270 | D        | Entered arena 7.
   270 | D        | Found a transporter.
   280 | D        | Reached XP level 9. HP: 83/83 MP: 9/11
   293 | D        | Reached skill level 16 in Long Blades
   293 | D        | Reached skill level 5 in Shields
   293 | D        | Reached XP level 10. HP: 92/92 MP: 12/12
   304 | D        | Entered arena 8.
   304 | D        | Noticed a wolf spider
   304 | D        | Noticed a wolf spider
   304 | D        | Found a transporter.
   309 | D        | Killed a wolf spider
   311 | D        | Killed a wolf spider
   312 | D        | Reached skill level 17 in Long Blades
   346 | D        | Entered arena 9.
   346 | D        | Found the +9 staff of Olgreb {rPois∞}
   346 | D        | Noticed an orange demon
   346 | D        | Found a transporter.
   353 | D        | Killed an orange demon
   355 | D        | Reached skill level 5 in Invocations
   359 | D        | Got the +9 falchion of Qumeipto {flame, rElec Str-2 Int+5
                  | SInv}
   361 | D        | Got the amulet of Eternity {Regen+ Int+4}
   384 | D        | Entered arena 10.
   384 | D        | Noticed a spriggan rider
   384 | D        | Noticed a spriggan rider
   384 | D        | Found a transporter.
   388 | D        | Reached skill level 15 in Fighting
   391 | D        | Reached skill level 18 in Long Blades
   403 | D        | Got the Opusculum on Hyperthermia
   407 | D        | Got the amulet of Secs {Reflect rF- rC+ Dex+2 SH+5}
   416 | D        | Entered arena 11.
   416 | D        | Found a transporter.
   422 | D        | Reached XP level 11. HP: 101/104 MP: 15/15
   432 | D        | Got Zeckacich's Collected Works on Transformed Energy
   447 | D        | Entered arena 12.
   447 | D        | Noticed a fire giant
   447 | D        | Noticed a hell hog
   447 | D        | Noticed a Brimstone Fiend
   447 | D        | Noticed a salamander tyrant
   447 | D        | Noticed a salamander tyrant
   447 | D        | Noticed a fire giant
   447 | D        | Noticed a hell hog
   447 | D        | Noticed a balrug
   449 | D        | Found a transporter.
   451 | D        | Killed a salamander tyrant
   451 | D        | Killed a salamander tyrant
   454 | D        | Killed a hell hog
   455 | D        | Killed a fire giant
   456 | D        | Reached skill level 19 in Long Blades
   459 | D        | Killed a hell hog
   459 | D        | Killed a fire giant
   466 | D        | Killed a balrug
   470 | D        | Killed a Brimstone Fiend
   478 | D        | Got the -1 helmet of Free Will {rF++ rC+}
   502 | D        | Identified a +7 eudemon blade of holy wrath (a +5 demon
                  | blade blessed by the Shining One)
   502 | D        | Received a gift from the Shining One
   535 | D        | Entered arena 13.
   535 | D        | Noticed an Ice Fiend
   535 | D        | Noticed a nargun
   535 | D        | Noticed a frost giant
   535 | D        | Noticed a nargun
   540 | D        | Found a transporter.
   546 | D        | Killed a frost giant
   547 | D        | Reached skill level 20 in Long Blades
   547 | D        | Reached skill level 10 in Shields
   556 | D        | Killed a nargun
   560 | D        | Killed a nargun
   561 | D        | Reached XP level 12. HP: 47/117 MP: 18/18
   563 | D        | Killed an Ice Fiend
   564 | D        | Reached skill level 15 in Armour
   638 | D        | Entered arena 14.
   640 | D        | Noticed a vampire knight
   640 | D        | Noticed a vampire mage
   643 | D        | Found a transporter.
   658 | D        | Killed a vampire mage
   659 | D        | Reached skill level 21 in Long Blades
   668 | D        | Reached skill level 5 in Evocations
   671 | D        | Killed a vampire knight
   692 | D        | Got the ring "Keth" {Fire Int+2}
   697 | D        | Got the ring "Nekk" {rElec Will+ rCorr Int-5 Slay+3}
   721 | D        | Entered arena 15.
   721 | D        | Noticed a rockslime
   721 | D        | Noticed an azure jelly
   723 | D        | Noticed a rockslime
   723 | D        | Noticed a rockslime
   730 | D        | Killed a rockslime
   733 | D        | Killed an azure jelly
   741 | D        | Killed a rockslime
   742 | D        | Reached skill level 22 in Long Blades
   743 | D        | Killed a rockslime
   744 | D        | Found a transporter.
   758 | D        | Got the +1 pair of gloves of Meager Surprise {+Blink Str+3}
   768 | D        | Got the ring "Naqoloc" {Fire rPois Int+2 Dex+2 SInv}
   821 | D        | Entered arena 16.
   821 | D        | Noticed a two-headed ogre
   821 | D        | Noticed a two-headed ogre
   821 | D        | Noticed a two-headed ogre
   821 | D        | Noticed a two-headed ogre
   822 | D        | Noticed a stone giant
   829 | D        | Gained mutation: You can hop long distances. [Barachi
                  | growth]
   829 | D        | Reached XP level 13. HP: 129/129 MP: 19/19
   833 | D        | Reached skill level 23 in Long Blades
   837 | D        | Killed a stone giant
   843 | D        | Found a transporter.
   864 | D        | Got the ring "Buheod" {+Blink rC+ Dex+2}
   883 | D        | Entered arena 17.
   885 | D        | Noticed a merfolk javelineer
   886 | D        | Identified the +9 falchion of Zidgh {drain, Int+7}
   887 | D        | Identified the +5 battleaxe "Falaiffo" {elec, Fly Will+}
   887 | D        | Noticed a merfolk impaler
   889 | D        | Found a transporter.
   908 | D        | Killed a merfolk impaler
   911 | D        | Killed a merfolk javelineer
   912 | D        | Reached skill level 24 in Long Blades
   938 | D        | Got the ring of Mierupn {rF+ rN+}
   943 | D        | Got the ring "Qamokhlo" {MP+9 EV+5 Str+6 Int+2 Stlth-}
   945 | D        | Got the ring "Yjal" {rElec MP+9 Dex+2 SInv}
  1019 | D        | Entered arena 18.
  1021 | D        | Noticed a shadow dragon
  1021 | D        | Noticed a ghoul
  1022 | D        | Noticed a shadow dragon
  1022 | D        | Noticed a shadow dragon
  1023 | D        | Found a transporter.
  1032 | D        | Reached skill level 1 in Throwing
  1034 | D        | Killed a ghoul
  1040 | D        | Killed a shadow dragon
  1050 | D        | Killed a shadow dragon
  1051 | D        | Killed a shadow dragon
  1052 | D        | Reached XP level 14. HP: 137/143 MP: 17/20
  1083 | D        | Got the ring of Issy {Fly Dex+4}
  1085 | D        | Got the amulet "Xeghazuo" {Reflect Harm rPois SH+5}
  1092 | D        | Entered arena 19.
  1094 | D        | Noticed a wendigo
  1094 | D        | Noticed a frost giant
  1094 | D        | Noticed an azure jelly
  1094 | D        | Noticed a wendigo
  1094 | D        | Paralysed by a wendigo for 1 turns
  1094 | D        | Noticed a nargun
  1094 | D        | Noticed a nargun
  1094 | D        | Noticed a nargun
  1094 | D        | Noticed a wendigo
  1095 | D        | Noticed a nargun
  1095 | D        | Noticed a nargun
  1099 | D        | Noticed a wendigo
  1100 | D        | Found a transporter.
  1109 | D        | Killed an azure jelly
  1110 | D        | Killed a frost giant
  1110 | D        | Killed a nargun
  1110 | D        | Paralysed by a wendigo for 1 turns
  1111 | D        | Reached skill level 5 in Dodging
  1113 | D        | Killed a nargun
  1113 | D        | Killed a nargun
  1117 | D        | Killed a nargun
  1117 | D        | Killed a wendigo
  1118 | D        | Reached skill level 25 in Long Blades
  1119 | D        | Killed a wendigo
  1120 | D        | Killed a wendigo
  1121 | D        | Reached skill level 5 in Throwing
  1121 | D        | Killed a wendigo
  1122 | D        | Reached skill level 15 in Shields
  1123 | D        | Killed a nargun
  1173 | D        | Entered arena 20.
  1179 | D        | Noticed a fire giant
  1181 | D        | Identified the ring of Imazewk {*Slow rElec rC+++ AC+4}
  1183 | D        | Identified the ring of the Telling Scavenger {Wiz rC+ Int+3
                  | Stlth+}
  1184 | D        | Identified the ring of the Crushed Allies {rElec Will+
                  | rCorr Str-4 Dex+4}
  1184 | D        | Noticed a fire giant
  1185 | D        | Noticed a fire giant
  1189 | D        | Killed a fire giant
  1193 | D        | Reached skill level 10 in Invocations
  1198 | D        | Killed a fire giant
  1199 | D        | Reached skill level 26 in Long Blades
  1202 | D        | Killed a fire giant
  1212 | D        | Found a transporter.
  1252 | D        | Got the ring of Creativity {*Corrode rPois rC+ Dex+8}
  1260 | D        | Entered arena 21.
  1265 | D        | Noticed a fire giant
  1265 | D        | Noticed a fire giant
  1265 | D        | Noticed a titan
  1265 | D        | Noticed a titan
  1265 | D        | Noticed a titan
  1265 | D        | Noticed a frost giant
  1265 | D        | Noticed a stone giant
  1265 | D        | Noticed a titan
  1267 | D        | Noticed a fire giant
  1267 | D        | Noticed a stone giant
  1268 | D        | Noticed a frost giant
  1268 | D        | Noticed a titan
  1270 | D        | Noticed a frost giant
  1272 | D        | Identified the amulet of Iwnetato {Harm rF- Regen+ Str+2
                  | Int+2}
  1272 | D        | Noticed a fire giant
  1274 | D        | Noticed a frost giant
  1274 | D        | Identified the ring of Noownaorr {rN+ Str+3 Int+6}
  1274 | D        | Noticed a fire giant
  1274 | D        | Noticed a frost giant
  1274 | D        | Noticed a fire giant
  1276 | D        | Killed a fire giant
  1277 | D        | Reached skill level 10 in Evocations
  1283 | D        | Killed a stone giant
  1285 | D        | HP: 7/148 [titan/the air (28)]
  1286 | D        | Killed from afar by a titan

Illustrated notes

Levels and vault maps discovered:
D:        sprint_v [room_start, room_1, room_2, room_3, room_4, room_5, room_6,
          room_7, room_8, room_9, room_10, room_11, room_12, room_13, room_14,
          room_15, room_16, room_17, room_18, room_19, room_20, room_21,
          room_22, room_23, room_24, room_25, room_26, room_27]

Skill      XL: |  1  2  3  4  5  6  7  8  9 10 11 12 13 14 |
---------------+-------------------------------------------+-----
Fighting       | 6 8 9 10 12 13 16 18 20 23 25 | 25.0
Long Blades    | 8 10 12 14 15 16 18 20 22 24 26 | 26.2
Armour         | 5 7 8 10 11 13 14 16 18 19 | 19.3
Shields        | 1 4 5 8 10 12 14 15 | 15.8
Invocations    | 1 3 6 8 10 | 10.4
Evocations     | 2 7 9 10 | 10.0
Throwing       | 3 6 |  6.9
Dodging        | 4 8 |  8.6

Action                     |  1- 3 |  4- 6 |  7- 9 | 10-12 | 13-15 || total
---------------------------+-------+-------+-------+-------+-------++-------
  Melee: Double sword      |     2 |     5 |    23 |    72 |    45 ||   147
         Eudemon blade     |       |       |       |    29 |    49 ||    78
 Invoke: Brand Weapon With |       |       |       |     1 |       ||     1
         Divine Shield     |       |       |       |     1 |     2 ||     3
         Cleansing Flame   |       |       |       |       |     5 ||     5
         Summon Divine War |       |       |       |       |     4 ||     4
Ability: Hop               |       |       |       |     3 |     1 ||     4
  Evoke: Wand              |       |       |     2 |    12 |    10 ||    24
         Phantom mirror    |       |       |       |       |     2 ||     2
         Box of beasts     |       |       |       |       |     1 ||     1
    Use: Potion            |       |       |     1 |     4 |     6 ||    11
 Armour: Plate armour      |       |     1 |     3 |    43 |    75 ||   122
  Dodge: Dodged            |       |       |       |       |     8 ||     8
         Repelled          |       |       |       |       |     1 ||     1
  Block: Kite shield       |     2 |     5 |    38 |   125 |   146 ||   316
